 Dungeon Crawl Stone Soup version 0.17.1-2-g5865329 (webtiles) character file.

112 Gargoyl the Skirmisher (level 4, -4/37 HPs)
             Began as a Demonspawn Abyssal Knight on Feb 6, 2016.
             Was a Believer of Lugonu.
             Slain by a gnoll
             ... wielding a +0 halberd
              (10 damage)
             ... on level 2 of the Dungeon.
             The game lasted 00:03:54 (1982 turns).

Gargoyl the Skirmisher (Demonspawn Abyssal Knight)  Turns: 1982, Time: 00:03:54

Health: -4/37      AC:  8    Str: 14    XL:     4   Next: 63%
Magic:  6/6        EV:  8    Int: 13    God:    Lugonu [**....]
Gold:   90         SH:  0    Dex: 12    Spells: 0 memorised, 3 levels left

rFire  . . .     SeeInvis .     a - +1 hand axe
rCold  + . .     Clarity  .     f - +0 chain mail
rNeg   . . .     SustAt   .     (no shield)
rPois  .         Gourm    .     (no helmet)
rElec  .         Spirit   .     (no cloak)
rCorr  .         Warding  .     (no gloves)
rMut   .         Stasis   .     (no boots)
MR     .....                    (no amulet)
Stlth  ..........               (no ring)
                                k - ring of protection from cold (curse)

@: not resistant to hostile enchantments, extremely unstealthy
A: repulsion field 1, demonic guardian 1
a: Depart the Abyss, Bend Space, Renounce Religion


You were on level 2 of the Dungeon.
You worshipped Lugonu.
Lugonu was pleased with you.
You were near starving.

You visited 1 branch of the dungeon, and saw 2 of its levels.
You visited the Abyss 1 time.

You collected 90 gold pieces.

Inventory:

Hand Weapons
 a - a +1 hand axe (weapon)
 o - a +0 flail
Missiles
 b - 7 curare-tipped needles
Armour
 f - a +0 chain mail (worn)
Jewellery
 k - a cursed ring of protection from cold (left hand)
Scrolls
 g - a scroll of amnesia {unknown}
 h - 3 scrolls of remove curse {unknown}
 n - a scroll of immolation {unknown}
Potions
 d - a potion of resistance {unknown}
 e - a potion of heal wounds {unknown}
 i - a potion of might {unknown}
 j - a potion of degeneration {unknown}
 l - a potion of poison {unknown}
 m - a potion of curing {unknown}
Comestibles
 c - 2 bread rations


   Skills:
 + Level 4.1 Fighting
 + Level 2.4 Axes
 + Level 2.6 Armour
 + Level 1.4 Dodging
 + Level 2.9 Invocations


You had 3 spell levels left.
You didn't know any spells.

Dungeon Overview and Level Annotations

Branches:
Dungeon (2/15)

Altars:
Makhleb

Annotations:
D:2 Sigmund


Innate Abilities, Weirdness & Mutations

You are surrounded by a mild repulsion field (EV +2).
A weak demonic guardian rushes to your aid.


Message History

You barely miss the gnoll.
The gnoll is moderately wounded.
Your chain mail prevents you from hitting the ooze.
The ooze is moderately wounded.
The gnoll hits you with a halberd! The ooze hits you but does no damage.
Unknown command.
You hit the gnoll.
The gnoll is heavily wounded.
You hit the ooze.
The ooze is heavily wounded.
The gnoll barely misses you. The ooze hits you.
* * * LOW HITPOINT WARNING * * *
You hit the gnoll.
The gnoll is heavily wounded.
You hit the ooze.
The ooze is almost dead.
The ooze hits you.
* * * LOW HITPOINT WARNING * * *
The gnoll hits you with a halberd!
You die...

#...............#.###.
#.##............#.##..
#.#............#...#.#
#.............#..#...#
#..[............###.##
#.........###........#
#.........##....###.##
#..)......##...## #..
#...J@....###.## ...
#....g....# ### ....
#..)......# ....
#.........# #....
#.........#
#.........#
##.......## ##..><.##
#######


You could see a gnoll and an ooze.

Vanquished Creatures
  Terence (D:2)
  A gnoll (D:1)
  An adder (D:2)
  2 worms (D:2)
  5 giant cockroaches
  5 hobgoblins
  4 kobolds
  5 bats
  A giant gecko (D:2)
  3 giant newts (D:1)
  3 goblins
  11 jackals
  4 rats
46 creatures vanquished.

Vanquished Creatures (collateral kills)
  Jessica (D:2)
  A gnoll (D:2)
  A hobgoblin (D:2)
  A giant gecko (D:2)
4 creatures vanquished.

Grand Total: 50 creatures vanquished

Notes
Turn   | Place    | Note
--------------------------------------------------------------
     0 | Abyss:1  | Gargoyl the Demonspawn Abyssal Knight began the quest for the Orb.
     0 | Abyss:1  | Reached XP level 1. HP: 18/18 MP: 2/2
   114 | Abyss:1  | Noticed a raiju
   121 | D:1      | Escaped the Abyss
   297 | D:1      | Reached * piety under Lugonu
   318 | D:1      | Gained mutation: A weak demonic guardian rushes to your aid. [demonic ancestry]
   318 | D:1      | Reached XP level 2. HP: 13/24 MP: 4/4
   486 | D:1      | Reached skill level 1 in Dodging
  1094 | D:2      | Noticed Jessica
  1095 | D:2      | Reached XP level 3. HP: 29/29 MP: 5/5
  1098 | D:2      | Killed Jessica
  1141 | D:2      | Reached ** piety under Lugonu
  1242 | D:2      | Found a burning altar of Makhleb.
  1242 | D:2      | Noticed Terence
  1248 | D:2      | Killed Terence
  1248 | D:2      | Gained mutation: You are surrounded by a mild repulsion field (EV +2). [demonic ancestry]
  1248 | D:2      | Reached XP level 4. HP: 33/37 MP: 6/6
  1299 | D:2      | Reached skill level 4 in Fighting
  1563 | D:2      | Noticed Sigmund
  1982 | D:2      | Slain by a gnoll

Action                   |  1- 3 |  4- 6 || total
-------------------------+-------+-------++-------
Melee: Hand axe          |   105 |    55 ||   160
Invok: Depart the Abyss  |     1 |       ||     1
  Eat: Chunk             |     1 |     1 ||     2
